 Dungeon Crawl Stone Soup version 0.26-a0-712-ga5a9c9c9d0 (webtiles) character file.

Game seed: 17558409383259205072

13031 Gargoyl the Fighter (level 12, -11/95 (96) HPs)
             Began as a Gnoll Abyssal Knight on Nov 1, 2020.
             Was a High Priest of Lugonu.
             Killed from afar by Nergalle (28 damage)
             ... with a bolt of negative energy
             ... on level 11 of the Dungeon.
             The game lasted 00:18:06 (10633 turns).

Gargoyl the Fighter (Gnoll Abyssal Knight)         Turns: 10633, Time: 00:18:07

HP:   -11/95 (96)   AC: 16    Str: 20    XL:     12   Next: 1%
MP:   31/31         EV: 11    Int: 15    God:    Lugonu [*****.]
Gold: 707           SH:  0    Dex: 14    Spells: 24/24 levels left

rFire    . . .     SeeInvis .   b - +4 long sword (freeze)
rCold    . . .     Faith    .   (no shield)
rNeg     . . .     Spirit   .   o - +1 chain mail
rPois    .         Reflect  .   (no helmet)
rElec    +         Harm     .   q - scarf {shadows}
rCorr    .         Rampage  .   e - +2 pair of gloves
MR       ++...                  c - +0 pair of boots "Segirirhacs" {rElec MP+9}
Stlth    ..........             s - amulet of regeneration
HPRegen  0.65/turn              D - ring of protection from magic (curse)
MPRegen  0.22/turn              H - ring of protection from magic

@: lethally poisoned (-11 -> -11), drained
A: distributed training, fangs 1, strong nose
a: Depart the Abyss, Bend Space, Banish, Corrupt, Enter the Abyss, Renounce
Religion


You were on level 11 of the Dungeon.
You worshipped Lugonu.
Lugonu was extremely pleased with you.
You visited 2 branches of the dungeon, and saw 12 of its levels.
You visited the Abyss 1 time.

You collected 707 gold pieces.

Inventory:

Hand Weapons
 a - a +1 hand axe
 b - a +4 long sword of freezing (weapon)
 A - a +2 hand axe
Missiles
 g - 91 poisoned darts (quivered)
Armour
 c - the +0 pair of boots "Segirirhacs" (worn) {rElec MP+9}
   (You acquired it on level 10 of the Dungeon)

   It insulates you from electricity.
   It affects your magic capacity (+9).
 e - a +2 pair of gloves (worn)
 o - a +1 chain mail (worn)
 q - a scarf of shadows (worn)
Jewellery
 k - a cursed ring of teleportation {unknown}
 s - an amulet of regeneration (around neck)
 t - an uncursed ring of resist corrosion
 u - the amulet of Buiruo {Acrobat rPois}
   (You took it off a centaur on level 9 of the Dungeon)

   [amulet of the acrobat]

   It helps you evade while moving and waiting.
   It protects you from poison.
 x - an uncursed ring of protection from cold
 D - a cursed ring of protection from magic (left hand)
 H - a ring of protection from magic (right hand)
Wands
 m - a wand of iceblast (7)
 p - a wand of paralysis (6)
 y - a wand of polymorph (9)
 F - a wand of acid (23)
Scrolls
 f - 3 scrolls of identify
 i - 2 scrolls of blinking
 l - 9 scrolls of remove curse
 n - 3 scrolls of teleportation
 r - a scroll of enchant armour
 C - a scroll of fear
 E - a scroll of magic mapping
Potions
 d - 2 potions of resistance
 h - 2 potions of curing
 j - 2 potions of flight
 v - a potion of heal wounds {unknown}
 w - a potion of mutation {unknown}
 z - 2 potions of brilliance {unknown}
 G - a potion of cancellation {unknown}


   Skills:
 + Level 9.5(8.3) Fighting
 + Level 6.8(5.7) Short Blades
 + Level 6.8(5.7) Long Blades
 + Level 8.3(7.1) Axes
 + Level 6.8(5.7) Maces & Flails
 + Level 6.8(5.7) Polearms
 + Level 6.8(5.7) Staves
 + Level 6.8(5.7) Slings
 + Level 6.8(5.7) Bows
 + Level 6.8(5.7) Crossbows
 + Level 6.8(5.7) Throwing
 + Level 8.3(7.1) Armour
 + Level 7.3(6.2) Dodging
 + Level 6.8(5.7) Stealth
 + Level 6.8(5.7) Shields
 + Level 6.8(5.7) Unarmed Combat
 + Level 6.8(5.7) Spellcasting
 + Level 5.6(4.5) Conjurations
 + Level 5.6(4.5) Hexes
 + Level 5.6(4.5) Summonings
 + Level 5.6(4.5) Necromancy
 + Level 5.6(4.5) Translocations
 + Level 5.6(4.5) Transmutations
 + Level 5.6(4.5) Fire Magic
 + Level 5.6(4.5) Ice Magic
 + Level 5.6(4.5) Air Magic
 + Level 5.6(4.5) Earth Magic
 + Level 5.6(4.5) Poison Magic
 + Level 8.9(7.6) Invocations
 + Level 6.8(5.7) Evocations


You had 24 spell levels left.
You didn't know any spells.
Your spell library contained the following spells:

 Spells                   Type           Power        Failure   Level
 Freeze                   Ice            #...         21%         1
 Frozen Ramparts          Ice            #.....       52%         3
 Ozocubu's Armour         Ice            #.......     52%         3
 Hailstorm                Conj/Ice       #.......     89%         4
 Summon Ice Beast         Ice/Summ       #.......     89%         4


Dungeon Overview and Level Annotations

Branches:
Dungeon (11/15)            Temple (0/1) D:6            Lair (1/6) D:10
    Orc: D:9-12

Altars:
Fedhas
Kikubaaqudgha
Nemelex Xobeh
Qazlal
Vehumet

Shops:
D:8 [[

Portals:
Trove: D:10 (give 6 scrolls of blinking)

Annotations:
D:11 Nergalle, Urug


Innate Abilities, Weirdness & Mutations

Your experience applies equally to all skills.
You have very sharp teeth.
Your uncanny sense of smell can sniff out nearby items.


Message History

You hear a shout!
You hit the spectral orc.
The spectral orc is severely damaged.
The spectral orc warrior hits you but does no damage.
The spectral orc hits you but does no damage.
You slash the spectral orc!
You destroy the spectral orc!
You feel sick.
The spectral orc warrior hits you but does no damage.
Unknown command.
You feel sick.
There is an open door here.
An orc opens the door.
An orc comes into view. It is wielding a +0 club.
You feel sick. The orc closely misses you. The orc hits you but does no damage.
You feel sick.
Nergalle points at you and mumbles some strange words.
The bolt of negative energy hits you!!
You feel drained.
You die...

#..# ##o# #.# ####
###o#### #...
####......# #...
#..'o.....# #... ∆
#.##Z.[...#
####... # #......#
#..'... #@...>.#
###.##... #......#
#...##...
#<...>.###.####<..
#......'...# #...
#.....)##### #...
#......# ####
#......# ########


You could see Nergalle, a spectral orc warrior (summoned) and an orc.

Vanquished Creatures
  3 two-headed ogres
  A cane toad (Lair:1)
  A troll (D:10)
  A polar bear (D:10)
  A raiju (Abyss:3)
  A wraith (D:10)
  12 yaks
  3 wyverns (D:10)
  A human (D:9)
  2 hogs (D:9)
  8 water moccasins
  A hornet zombie (D:7)
  A black bear (D:8)
  2 orc warriors
  5 ice beasts
  7 ogres
  2 sky beasts
  2 necrophages
  A wolf (D:10)
  7 centaurs
  An elf zombie (D:10)
  Blork the orc (D:4)
  2 big kobolds
  An elf skeleton (D:10)
  5 bullfrogs
  6 scorpions
  6 wights
  18 killer bees
  2 electric eels (D:10)
  3 howler monkeys (D:7)
  A bullfrog zombie (D:5)
  A quasit (D:9)
  An orc priest (D:4)
  5 hounds
  2 bullfrog skeletons
  A centaur skeleton (D:5)
  3 jellies
  7 iguanas
  3 human zombies (D:10)
  Jessica (D:2)
  4 orc wizards
  9 worker ants
  An ogre zombie (D:10)
  A bullfrog simulacrum (D:10)
  A centaur simulacrum (D:10)
  A hound zombie (D:9)
  A hound skeleton (D:6)
  2 mummies (D:10)
  A worker ant zombie (D:5)
  3 gnolls
  11 adders
  A hound simulacrum (D:10)
  A shadow imp (D:5)
  5 white imps
  A worker ant simulacrum (D:10)
  5 ufetubi
  3 oozes (D:1)
  2 adder skeletons
  An adder zombie (D:7)
  4 worms
  6 leopard geckos
  42 orcs
  5 bats
  4 giant cockroaches
  7 hobgoblins
  8 jackals
  2 quokkas
  4 ball pythons
  2 frilled lizards (D:1)
  3 goblins
  A jackal skeleton (D:5)
  18 kobolds
  A leopard gecko skeleton (D:4)
  An orc skeleton (D:10)
  9 rats
303 creatures vanquished.

Vanquished Creatures (others)
  3 fungi
  21 plants (D:10)
24 creatures vanquished.

Grand Total: 327 creatures vanquished

Notes
Turn   | Place    | Note
-------+----------+-------------------------------------------
     0 | Abyss:1  | Gargoyl the Gnoll Abyssal Knight began the quest for the
                  | Orb.
     0 | Abyss:1  | Reached XP level 1. HP: 23/23 MP: 3/3
    23 | Abyss:1  | Found a corrupted altar of Lugonu.
    30 | Abyss:1  | Found a corrupted altar of Lugonu.
    87 | Abyss:2  | Noticed a small abomination
   119 | Abyss:3  | Noticed a raiju
   142 | Abyss:3  | Killed a raiju
   142 | Abyss:3  | Reached skill level 1 in Short Blades
   142 | Abyss:3  | Reached skill level 1 in Long Blades
   142 | Abyss:3  | Reached skill level 1 in Maces & Flails
   142 | Abyss:3  | Reached skill level 1 in Polearms
   142 | Abyss:3  | Reached skill level 1 in Staves
   142 | Abyss:3  | Reached skill level 1 in Slings
   142 | Abyss:3  | Reached skill level 1 in Bows
   142 | Abyss:3  | Reached skill level 1 in Crossbows
   142 | Abyss:3  | Reached skill level 1 in Throwing
   142 | Abyss:3  | Reached skill level 1 in Stealth
   142 | Abyss:3  | Reached skill level 1 in Shields
   142 | Abyss:3  | Reached skill level 1 in Unarmed Combat
   142 | Abyss:3  | Reached skill level 1 in Spellcasting
   142 | Abyss:3  | Reached skill level 1 in Conjurations
   142 | Abyss:3  | Reached skill level 1 in Hexes
   142 | Abyss:3  | Reached skill level 1 in Summonings
   142 | Abyss:3  | Reached skill level 1 in Necromancy
   142 | Abyss:3  | Reached skill level 1 in Translocations
   142 | Abyss:3  | Reached skill level 1 in Transmutations
   142 | Abyss:3  | Reached skill level 1 in Fire Magic
   142 | Abyss:3  | Reached skill level 1 in Ice Magic
   142 | Abyss:3  | Reached skill level 1 in Air Magic
   142 | Abyss:3  | Reached skill level 1 in Earth Magic
   142 | Abyss:3  | Reached skill level 1 in Poison Magic
   142 | Abyss:3  | Reached skill level 1 in Evocations
   142 | Abyss:3  | Reached XP level 2. HP: 8/29 MP: 5/5
   142 | Abyss:3  | Reached XP level 3. HP: 10/35 MP: 6/6
   142 | Abyss:3  | Reached XP level 4. HP: 12/41 MP: 7/7
   142 | Abyss:3  | Reached XP level 5. HP: 14/47 MP: 8/8
   151 | Abyss:3  | Noticed a large abomination
   363 | Abyss:3  | Noticed an insubstantial wisp
   396 | Abyss:3  | Noticed a wretched star
   397 | D:1      | Escaped the Abyss
   534 | D:1      | Reached * piety under Lugonu
   807 | D:1      | Reached skill level 5 in Invocations
   817 | D:1      | Reached XP level 6. HP: 44/53 MP: 9/9
  1221 | D:2      | Found a radiant altar of Vehumet.
  1258 | D:2      | Noticed Jessica
  1271 | D:2      | Killed Jessica
  1674 | D:2      | Reached skill level 5 in Axes
  1674 | D:2      | Reached skill level 5 in Armour
  1939 | D:3      | Reached ** piety under Lugonu
  2907 | D:4      | Noticed an ice beast
  2915 | D:4      | Killed an ice beast
  2915 | D:4      | Reached skill level 7 in Fighting
  2915 | D:4      | Reached XP level 7. HP: 60/60 MP: 10/10
  3041 | D:4      | Noticed Blork the orc
  3043 | D:4      | Killed Blork the orc
  3232 | D:4      | Found a stormy altar of Qazlal.
  3293 | D:4      | Reached XP level 8. HP: 62/67 MP: 12/12
  3547 | D:5      | Entered Level 5 of the Dungeon
  3583 | D:5      | Reached *** piety under Lugonu
  4071 | D:5      | Found a sparkling altar of Nemelex Xobeh.
  4692 | D:6      | Reached XP level 9. HP: 42/72 MP: 14/14
  4777 | D:6      | Found a staircase to the Ecumenical Temple.
  5363 | D:7      | Reached skill level 5 in Dodging
  5372 | D:7      | Reached **** piety under Lugonu
  5508 | D:7      | Reached skill level 8 in Fighting
  6065 | D:7      | Reached XP level 10. HP: 16/80 MP: 17/17
  6613 | D:8      | Reached skill level 5 in Short Blades
  6613 | D:8      | Reached skill level 5 in Long Blades
  6613 | D:8      | Reached skill level 5 in Maces & Flails
  6613 | D:8      | Reached skill level 5 in Polearms
  6613 | D:8      | Reached skill level 5 in Staves
  6613 | D:8      | Reached skill level 5 in Slings
  6613 | D:8      | Reached skill level 5 in Bows
  6613 | D:8      | Reached skill level 5 in Crossbows
  6613 | D:8      | Reached skill level 5 in Throwing
  6613 | D:8      | Reached skill level 5 in Stealth
  6613 | D:8      | Reached skill level 5 in Shields
  6613 | D:8      | Reached skill level 5 in Unarmed Combat
  6613 | D:8      | Reached skill level 5 in Spellcasting
  6613 | D:8      | Reached skill level 5 in Evocations
  6627 | D:8      | Found Panus's Specialty Armours.
  6848 | D:8      | Found Nunes's Armour Shop.
  7124 | D:9      | Reached ***** piety under Lugonu
  7551 | D:9      | Identified the amulet of Buiruo {Acrobat rPois}
  8262 | D:10     | Entered Level 10 of the Dungeon
  8292 | D:10     | Got an ichor-stained scale mail
  8309 | D:9      | Identified the +3 scale mail of Pukeo {rC+ Int+5 Stlth+}
                  | (You found it on level 10 of the Dungeon)
  8339 | D:10     | Reached XP level 11. HP: 80/87 MP: 19/19
  8341 | D:10     | Noticed a two-headed ogre
  8500 | D:9      | Killed a two-headed ogre
  8500 | D:9      | Reached skill level 9 in Fighting
  8659 | D:10     | Noticed a two-headed ogre
  8675 | D:9      | Banished a two-headed ogre
  8675 | D:9      | Reached skill level 5 in Conjurations
  8675 | D:9      | Reached skill level 5 in Hexes
  8675 | D:9      | Reached skill level 5 in Summonings
  8675 | D:9      | Reached skill level 5 in Necromancy
  8675 | D:9      | Reached skill level 5 in Translocations
  8675 | D:9      | Reached skill level 5 in Transmutations
  8675 | D:9      | Reached skill level 5 in Fire Magic
  8675 | D:9      | Reached skill level 5 in Ice Magic
  8675 | D:9      | Reached skill level 5 in Air Magic
  8675 | D:9      | Reached skill level 5 in Earth Magic
  8675 | D:9      | Reached skill level 5 in Poison Magic
  9043 | D:10     | Found a staircase to the Lair.
  9364 | D:10     | Identified a scroll of acquirement
  9364 | D:10     | Acquired the +0 pair of boots "Segirirhacs" {rElec MP+9}
  9618 | D:10     | Noticed a two-headed ogre
  9629 | D:10     | Killed a two-headed ogre
  9737 | D:10     | Found a blossoming altar of Fedhas.
  9825 | D:10     | Noticed a two-headed ogre
  9836 | D:10     | Killed a two-headed ogre
  9982 | D:10     | Found a portal to a secret trove of treasure.
 10038 | D:10     | Found an ancient bone altar of Kikubaaqudgha.
 10437 | Lair:1   | Entered Level 1 of the Lair of Beasts
 10474 | Lair:1   | Reached XP level 12. HP: 63/95 MP: 22/22
 10597 | D:11     | Noticed Nergalle
 10597 | D:11     | Noticed Urug
 10633 | D:11     | Killed from afar by Nergalle

Illustrated notes

Levels and vault maps discovered:
D:1:      psy_arrival_terrarium, layout_loops_ring, serial_bayou_pond_e
D:2:      layout_rooms, vehumet_crystals, uniq_jessica
D:3:      layout_basic
D:4:      layout_loops_cross, nicolae_qazlal_general_emergency,
          uniq_blork_the_orc
D:5:      layout_cave_pools, nemelex_xobeh_ov_fountains_minmay
D:6:      layout_basic, temple_fountains
D:7:      layout_basic, minmay_circle_x
D:8:      layout_rooms, serial_shops, kennysheep_mini_moat, nicolae_barding_shop
D:9:      layout_loops_ring, grunt_livestock
D:10:     layout_small_grid, minmay_lair_entry_grove, basic_altar, serial_ice,
          serial_ice_e, serial_ice_j, serial_ice_h, serial_ice_c, serial_ice_o,
          nicolae_trove_entry_diagonal, lemuel_mausoleum_altar_kikubaaqudgha
D:11:     layout_roguey, uniq_erica, uniq_urug, uniq_nergalle
Lair:1:   layout_long_grid, ebering_ghost_reflecting_pool,
          minmay_lair_oklob_chamber, serial_bayou_shore_a

Skill      XL: |  1  2  3  4  5  6  7  8  9 10 11 |
---------------+----------------------------------+-----
Short Blades   | 1 2 3 4 5 6 |  6.8
Long Blades    | 1 2 3 4 5 6 |  6.8
Maces & Flails | 1 2 3 4 5 6 |  6.8
Polearms       | 1 2 3 4 5 6 |  6.8
Staves         | 1 2 3 4 5 6 |  6.8
Slings         | 1 2 3 4 5 6 |  6.8
Bows           | 1 2 3 4 5 6 |  6.8
Crossbows      | 1 2 3 4 5 6 |  6.8
Throwing       | 1 2 3 4 5 6 |  6.8
Dodging        | 3 4 5 6 7 |  7.3
Stealth        | 1 2 3 4 5 6 |  6.8
Shields        | 1 2 3 4 5 6 |  6.8
Unarmed Combat | 1 2 3 4 5 6 |  6.8
Spellcasting   | 1 2 3 4 5 6 |  6.8
Conjurations   | 1 2 3 4 5 |  5.6
Hexes          | 1 2 3 4 5 |  5.6
Summonings     | 1 2 3 4 5 |  5.6
Necromancy     | 1 2 3 4 5 |  5.6
Translocations | 1 2 3 4 5 |  5.6
Transmutations | 1 2 3 4 5 |  5.6
Fire Magic     | 1 2 3 4 5 |  5.6
Ice Magic      | 1 2 3 4 5 |  5.6
Air Magic      | 1 2 3 4 5 |  5.6
Earth Magic    | 1 2 3 4 5 |  5.6
Poison Magic   | 1 2 3 4 5 |  5.6
Evocations     | 1 2 3 4 5 6 |  6.8
Invocations    | 5 6 7 8 |  8.9
Axes           | 5 6 7 8 |  8.3
Armour         | 5 6 7 8 |  8.3
Fighting       | 7 8 9 |  9.5

Action                   |  1- 3 |  4- 6 |  7- 9 | 10-12 || total
-------------------------+-------+-------+-------+-------++-------
Melee: Hand axe          |       |    45 |       |       ||    45
       Bite              |       |    16 |    39 |    69 ||   124
       Long sword        |       |    94 |   292 |   554 ||   940
       Punch             |       |       |    10 |    19 ||    29
Throw: Dart              |       |     4 |     1 |    18 ||    23
Invok: Depart the Abyss  |       |     1 |       |       ||     1
       Bend Space        |       |       |       |     2 ||     2
       Banish            |       |       |       |     1 ||     1
Evoke: Wand              |     3 |     1 |     3 |       ||     7
  Use: Scroll            |       |    17 |     2 |     4 ||    23
       Potion            |       |       |     2 |     3 ||     5
 Stab: Sleeping          |       |     1 |       |       ||     1
       Paralysed         |       |       |     7 |       ||     7
Armor: Leather armour    |     1 |    23 |       |       ||    24
       Ring mail         |       |    44 |       |       ||    44
       Chain mail        |       |    17 |   211 |   372 ||   600
       Skin              |       |       |     9 |    25 ||    34
Dodge: Dodged            |     2 |   106 |   198 |   373 ||   679
       Rpst.: Long sword |       |    19 |    67 |   106 ||   192

Table legend: (Time is in decaauts)
 A = Elapsed time spent in this place.
 B = Non-inter-level travel time spent in this place.
 C = Inter-level travel time spent in this place.
 D = Time resting spent in this place.
 E = Time spent auto-exploring this place.
 F = Levels seen in this place.
 G = Mean time per level.
                   A        B        C        D        E       F      G
               +--------+--------+--------+--------+--------+-----+--------+
         Total |  10807 |  10508 |    299 |   1637 |   6093 |  15 |  720.5 |
       Dungeon |  10351 |  10052 |    299 |   1611 |   5792 |  11 |  941.0 |
          Lair |     59 |     59 |      0 |      0 |     19 |   1 |   59.0 |
         Abyss |    396 |    396 |      0 |     26 |    282 |   3 |  132.0 |
               +--------+--------+--------+--------+--------+-----+--------+

Top non-repeatable levels by time:
     D:9: 1816 daAuts
    D:10: 1788 daAuts
     D:7: 1028 daAuts
     D:5: 1022 daAuts
     D:3: 959 daAuts
     D:4: 818 daAuts
     D:6: 781 daAuts
     D:1: 748 daAuts
     D:2: 664 daAuts
     D:8: 643 daAuts
 Abyss:3: 293 daAuts
    D:11: 79 daAuts
  Lair:1: 59 daAuts
 Abyss:2: 54 daAuts
 Abyss:1: 48 daAuts
